 Dungeon Crawl Stone Soup version 0.22.1-1-ga44c0e56f4 (webtiles) character file.

200 Anathary the Slasher (level 5, -2/46 HPs)
             Began as a Draconian Monk on Sept 20, 2018.
             Slain by a worker ant (4 damage)
             ... on level 4 of the Dungeon.
             The game lasted 00:11:14 (3318 turns).

Anathary the Slasher (Draconian Monk)               Turns: 3318, Time: 00:11:15

Health: -2/46      AC:  5    Str: 13    XL:     5   Next: 48%
Magic:  5/5        EV: 13    Int: 11    God:
Gold:   131        SH:  0    Dex: 14    Spells: 4/4 levels left

rFire    . . .     SeeInvis .   a - +0 falchion
rCold    . . .     Gourm    .   (no shield)
rNeg     . . .     Faith    .   (armour unavailable)
rPois    .         Spirit   .   (helmet restricted)
rElec    .         Reflect  .   (no cloak)
rCorr    .         Harm     .   (no gloves)
MR       .....                  (no boots)
Stlth    ++........             (no amulet)
HPRegen  0.15/turn              (no ring)
MPRegen  0.09/turn              (no ring)

@: no status effects
A: unfitting armour, cold-blooded, AC +5
a: no special abilities


You were on level 4 of the Dungeon.
You were not hungry.

You visited 1 branch of the dungeon, and saw 4 of its levels.

You collected 131 gold pieces.

Inventory:

Hand Weapons
 a - a +0 falchion (weapon)
Scrolls
 c - 3 scrolls of identify
 d - 3 scrolls of teleportation {unknown}
 g - 2 scrolls of fear {unknown}
 h - a scroll of immolation {unknown}
 i - a scroll of enchant armour {unknown}
 j - 2 scrolls of magic mapping {unknown}
 l - a scroll of remove curse {unknown}
Potions
 b - a potion of might {unknown}
 e - a potion of ambrosia {unknown}
 f - 3 potions of lignification {unknown}
Comestibles
 k - a ration


   Skills:
 + Level 4.1 Fighting
 + Level 4.8 Long Blades
 + Level 3.4 Dodging
 + Level 2.6 Stealth


You had 4 spell levels left.
You didn't know any spells.
Your spell library was empty.

Dungeon Overview and Level Annotations

Branches:
Dungeon (4/15)             Temple (0/1) D:4

Altars:
Fedhas
Gozag
Yredelemnul


Innate Abilities, Weirdness & Mutations

Your plain brown scales are hard. (AC +5)
You cannot fit into any form of body armour.
You are cold-blooded and may be slowed by cold attacks.


Message History

You feel sick.
You see here a worker ant corpse.
You feel sick.
You feel sick.
You start resting.
You feel sick. x9
The worker ant is too close now for your liking.
A worker ant is nearby!
You feel sick.
You start resting.
You feel sick. x2
The worker ant is too close now for your liking.
A worker ant is nearby!
You feel sick.
The worker ant twitches its antennae in your direction.
You feel sick.
You are no longer poisoned.
You hit the worker ant but do no damage.
The worker ant bites you.
* * * LOW HITPOINT WARNING * * *
The worker ant bites you.
You die...

...###..######.##......
#..(.....)........
#..#####.###......
#........# #.#...#
#.######.###...... #.#
##.....##... #.#
##.#.##.# ### #a#
##.###.#.#
###@###.#####..#
..............รท....#
###########.##.##.######
##.#.#....(...
##....####### ##.#.#
#.#.# #...# #####


You could see a worker ant.

Vanquished Creatures
  A hound (D:2)
  A worker ant (D:4)
  A worker ant zombie (D:4)
  A gnoll (D:1)
  5 adders
  An ooze (D:2)
  3 dart slugs
  3 leopard geckos
  A ball python (D:4)
  3 giant cockroaches
  7 hobgoblins
  5 jackals
  11 kobolds
  8 bats
  6 frilled lizards
  6 goblins
  A leopard gecko skeleton (D:4)
  6 rats
70 creatures vanquished.

Notes
Turn   | Place    | Note
-------+----------+-------------------------------------------
     0 | D:1      | Anathary the Draconian Monk began the quest for the Orb.
     0 | D:1      | Reached XP level 1. HP: 19/19 MP: 1/1
   344 | D:1      | Reached XP level 2. HP: 26/26 MP: 2/2
  1167 | D:2      | Reached XP level 3. HP: 31/31 MP: 3/3
  1526 | D:2      | Found an opulent altar of Gozag.
  1675 | D:2      | Found a basalt altar of Yredelemnul.
  1676 | D:2      | Found a blossoming altar of Fedhas.
  1698 | D:2      | Reached XP level 4. HP: 31/40 MP: 4/4
  2830 | D:3      | Reached XP level 5. HP: 43/46 MP: 5/5
  3245 | D:4      | Found a staircase to the Ecumenical Temple.
  3318 | D:4      | HP: 2/46 [worker ant (4)]
  3318 | D:4      | Slain by a worker ant

Skill      XL: |  1  2  3  4 |
---------------+-------------+-----
Stealth        | 2 |  2.6
Dodging        | 3 |  3.4
Long Blades    | 4 |  4.8
Fighting       | 4 |  4.1

Action                   |  1- 3 |  4- 6 || total
-------------------------+-------+-------++-------
Melee: Falchion          |   103 |   125 ||   228
       Tailslap          |    13 |    18 ||    31
  Use: Scroll            |       |     1 ||     1
 Stab: Sleeping          |     3 |     6 ||     9
       Distracted        |       |     1 ||     1
  Eat: Ration            |     1 |     1 ||     2
       Chunk             |       |     1 ||     1
Armor: Skin              |    26 |    63 ||    89
Dodge: Dodged            |    75 |   121 ||   196
       Rpst.: Falchion   |    23 |    30 ||    53
